 Dungeon Crawl Stone Soup version 0.28-a0-1493-g08698888e4 (webtiles) character file.

Game seed: 16305935351561646413

193 lonewolfV2 the Ducker (level 5, -2/78 HPs)
             Began as a Troll Fighter on Jan 12, 2022.
             Killed by divine providence
             ... invoked by an orc priest
              (11 damage)
             ... on level 3 of the Dungeon.
             The game lasted 00:04:48 (2021 turns).

lonewolfV2 the Ducker (Troll Fighter)               Turns: 2021, Time: 00:04:48

Health: -2/78      AC:  4    Str: 21    XL:     5   Next: 44%
Magic:  4/4        EV:  9    Int:  4    God:
Gold:   211        SH:  8    Dex: 11    Spells: 4/4 levels left

rFire   . . .      SeeInvis +   h - +1 trident "Jeufac" {freeze, Str-5 Dex+2 SInv Stlth+}
rCold   . . .      Faith    .   b - +0 kite shield
rNeg    . . .      Spirit   .   a - +0 robe
rPois   .          Reflect  .   (helmet restricted)
rElec   .          Harm     .   (no cloak)
rCorr   .          Rampage  .   (gloves unavailable)
Will    .....                   (boots unavailable)
Stlth   ..........              (no amulet)
HPRegen 1.03/turn               (no ring)
MPRegen 0.09/turn               (no ring)

@: berserking, very quick
A: large, unfitting armour, claws 3, regeneration 1, shaggy fur 1, tough skin 1
a: no special abilities


You were on level 3 of the Dungeon.
You visited 1 branch of the dungeon, and saw 3 of its levels.

You collected 211 gold pieces.

Inventory:

Hand Weapons
 h - the +1 trident "Jeufac" (weapon) {freeze, Str-5 Dex+2 SInv Stlth+}
   (You found it on level 3 of the Dungeon)

   It freezes those it strikes, dealing additional cold damage.
   It can also slow down cold-blooded creatures.
   Str:       It affects your strength (-5).
   Dex:       It affects your dexterity (+2).
   SInv:      It lets you see invisible.
   Stlth:     It makes you more stealthy.
Armour
 a - a +0 robe (worn)
 b - a +0 kite shield (worn)
Potions
 f - a potion of resistance {unknown}
 g - a potion of flight {unknown}


   Skills:
 + Level 2.8 Fighting
 + Level 1.1 Polearms
 + Level 3.5 Dodging
 + Level 0.1 Stealth
 + Level 3.3 Shields
 + Level 2.9 Unarmed Combat


You had 4 spell levels left.
You didn't know any spells.
Your spell library contained the following spells:

 Spells                   Type           Power      Damage    Failure   Level
 Animate Skeleton         Necr           0%         N/A       80%         1
 Pain                     Necr           0%         1d4       80%         1
 Vampiric Draining        Necr           0%         2d6       99%         3


Dungeon Overview and Level Annotations

Branches:
Dungeon (3/15)

Altars:
Trog

Shops:
D:1 *   D:2 *(=[


Innate Abilities, Weirdness & Mutations

You are too large for most types of armour.
You have claws for hands.
Your natural rate of healing is unusually fast.
You are covered in fur. (AC +1)
You have tough skin. (AC +1)


Message History

Unknown command.
You hit the orc wizard. You freeze the orc wizard.
The orc wizard is lightly wounded.
You block the bat's attack. The bat closely misses you.
The orc hits you with a +0 mace.
The orc priest looks braver for a moment.
The orc wizard gestures at you while chanting.
You resist with some effort. The bat closely misses you.
You hit the orc wizard. You freeze the orc wizard.
The orc wizard is severely wounded.
The bat hits you but does no damage. x2; The orc hits you with a +0 mace.
The orc priest mumbles some strange prayers to Beogh against you.
Beogh smites you!
* * * LOW HITPOINT WARNING * * *
The orc wizard hits you with a +0 dagger.
* * * LOW HITPOINT WARNING * * *
The orc hits you with a +0 mace.
* * * LOW HITPOINT WARNING * * *
The bat hits you but does no damage. The orc priest barely misses you.
You hit the orc wizard. You freeze the orc wizard.
The orc wizard is almost dead.
The bat hits you but does no damage.
The orc wizard hits you but does no damage.
The orc priest calls upon Beogh to heal the orc wizard.
The orc wizard is healed somewhat.
You block the orc's attack. The orc wizard barely misses you.
It was a potion of berserk rage.
A red film seems to cover your vision as you go berserk!
You feel yourself moving faster!
You feel mighty! The bat hits you.
* * * LOW HITPOINT WARNING * * *
The orc hits you but does no damage. You block the orc priest's attack.
The orc wizard points at you and mumbles some strange words.
The puff of flame hits you!
* * * LOW HITPOINT WARNING * * *
You are too berserk!
You barely miss the orc. The bat barely misses you. You block the bat's attack.
The orc hits you but does no damage.
The orc priest invokes the aid of Beogh against you.
Beogh smites you!
You die...

#####...........#....
........##....#...### #
.######.##......### # ..
#≈≈≈ #.......####### ...
#≈>.≈#.......###.... ....
#≈⌠_§#........##.... >....
#≈§§≈'............##
......######).###......#..
.o......o@...####.###.....
........oob..##.........##
.....##########..########
.... #### ###


You could see an orc priest, an orc wizard, an orc and a bat.

Vanquished Creatures
  An orc wizard (D:3)
  4 adders
  6 gnolls (D:3)
  A worm (D:3)
  4 dart slugs
  5 orcs (D:3)
  4 bats
  2 endoplasms
  4 giant cockroaches
  7 goblins
  4 hobgoblins
  5 jackals
  2 quokkas (D:3)
  4 ball pythons
  A frilled lizard (D:1)
  4 kobolds
  3 rats
61 creatures vanquished.

Notes
Turn   | Place    | Note
-------+----------+-------------------------------------------
     0 | D:1      | lonewolfV2 the Troll Fighter began the quest for the Orb.
     0 | D:1      | Reached XP level 1. HP: 22/22 MP: 0/0
   224 | D:1      | Reached XP level 2. HP: 29/29 MP: 1/1
   335 | D:1      | Found Ygerphyka's General Store.
   742 | D:2      | Found Tenwanko's General Store.
   801 | D:2      | Found Uhetump's Weapon Emporium.
  1001 | D:2      | Reached XP level 3. HP: 36/36 MP: 2/2
  1052 | D:2      | Found Exkaug's Jewellery Boutique.
  1054 | D:2      | Found Dutytuf's Antique Weapon Emporium.
  1139 | D:2      | Found Ahexan's Antique Armour Shop.
  1520 | D:3      | Reached XP level 4. HP: 26/44 MP: 3/3
  1534 | D:3      | Identified the +1 trident "Jeufac" {freeze, Str-5 Dex+2
                  | SInv Stlth+}
  1683 | D:3      | Reached XP level 5. HP: 50/50 MP: 4/4
  1793 | D:3      | Reached skill level 1 in Polearms
  1880 | D:3      | Found a bloodstained altar of Trog.
  2021 | D:3      | Killed from afar by an orc priest

Illustrated notes

Levels and vault maps discovered:
D:1:      dpeg_arrival_three_same_balls, layout_loops_ring, serial_shops, shop,
          minmay_pentomino_t2
D:2:      layout_basic, serial_shops, shop, shop, nicolae_shop_waterfront, shop,
          shop
D:3:      layout_rooms, general_overflow_altar

Skill      XL: |  1  2  3  4  5 |
---------------+----------------+-----
Dodging        | 3 |  3.5
Shields        | 3 |  3.3
Polearms       | 1 |  1.1
Fighting       | |  2.8
Stealth        | |  0.1
Unarmed Combat | |  2.9

Action                   |  1- 3 |  4- 6 || total
-------------------------+-------+-------++-------
Melee: Unarmed           |    82 |     8 ||    90
       Trident           |       |    91 ||    91
  Use: Scroll            |     1 |     2 ||     3
       Potion            |     4 |     4 ||     8
Armor: Robe              |    25 |    51 ||    76
Dodge: Dodged            |    28 |    69 ||    97
Block: Kite shield       |    25 |    69 ||    94

Table legend: (Time is in decaauts)
 A = Elapsed time spent in this place.
 B = Non-inter-level travel time spent in this place.
 C = Inter-level travel time spent in this place.
 D = Time resting spent in this place.
 E = Time spent auto-exploring this place.
 F = Levels seen in this place.
 G = Mean time per level.
                   A        B        C        D        E       F      G
               +--------+--------+--------+--------+--------+-----+--------+
         Total |   2065 |   2009 |     56 |     30 |   1423 |   3 |  688.3 |
       Dungeon |   2065 |   2009 |     56 |     30 |   1423 |   3 |  688.3 |
               +--------+--------+--------+--------+--------+-----+--------+

Top non-repeatable levels by time:
     D:2: 785 daAuts
     D:1: 714 daAuts
     D:3: 566 daAuts
